 Dungeon Crawl Stone Soup version 0.28.0-53-g5a82cb258f (webtiles) character file.

Game seed: 4356139253301408851

5691 DocClef the Blocker (level 10, -1/82 HPs)
             Began as a Gnoll Fighter on June 29, 2022.
             Was an Elder of Okawaru.
             Slain by a two-headed ogre
             ... wielding a +0 giant spiked club
              (14 damage)
             ... on level 8 of the Dungeon.
             The game lasted 00:11:27 (10607 turns).

DocClef the Blocker (Gnoll Fighter)                Turns: 10607, Time: 00:11:28

Health: -1/82      AC: 25    Str: 19    XL:     10   Next: 76%
Magic:  0/18       EV: 10    Int:  7    God:    Okawaru [****..]
Gold:   430        SH:  6    Dex: 16    Spells: 20/20 levels left

rFire   + . .      SeeInvis .   z - +6 trident (protect)
rCold   . . .      Faith    .   c - +0 buckler
rNeg    . . .      Spirit   +   t - +0 storm dragon scales
rPois   .          Reflect  .   (no helmet)
rElec   +          Harm     .   y - +2 cloak
rCorr   .          Rampage  .   q - +0 pair of gloves {Dex+3}
Will    .....                   (no boots)
Stlth   ..........              h - amulet of guardian spirit
HPRegen 0.23/turn               w - ring of protection from fire
MPRegen 0.16/turn               (no ring)

@: under a protective aura
A: fangs 1, strong nose, distributed training
a: Renounce Religion, Heroism, Finesse


You were on level 8 of the Dungeon.
You worshipped Okawaru.
Okawaru was greatly pleased with you.
You visited 2 branches of the dungeon, and saw 9 of its levels.
You also visited: Bailey.

You collected 430 gold pieces.

Inventory:

Hand Weapons
 a - a +0 flail
 j - the +6 long sword of the Foot {venom, rElec}
   (You found it in a bailey)

   It poisons the flesh of those it strikes.
   rElec:     It insulates you from electricity.
 z - a +6 trident of protection (weapon)
Missiles
 A - 3 poisoned darts (quivered)
Armour
 b - a +0 scale mail
 c - a +0 buckler (worn)
 i - a +0 plate armour
 q - a +0 pair of gloves of dexterity (worn)
 t - +0 storm dragon scales (worn)
 v - a +2 robe of willpower
 y - a +2 cloak (worn)
Jewellery
 h - an amulet of guardian spirit (around neck)
 w - a ring of protection from fire (left hand)
Wands
 u - a wand of paralysis (22)
 x - a wand of flame (7)
 B - a wand of iceblast (12)
 H - a wand of polymorph (8)
Scrolls
 e - 2 scrolls of identify
 g - a scroll of fear
 o - a scroll of immolation
 p - 4 scrolls of teleportation
 E - a scroll of acquirement
 F - a scroll of enchant armour
 G - a scroll of blinking {unknown}
Potions
 d - 3 potions of might
 f - 2 potions of heal wounds
 k - a potion of cancellation
 l - 2 potions of flight
 m - a potion of haste
 n - 3 potions of curing
 r - 2 potions of brilliance
 s - 3 potions of degeneration
 C - a potion of magic
 D - 3 potions of invisibility {unknown}


   Skills:
 + Level 8.7 Fighting
 + Level 5.6 Short Blades
 + Level 5.6 Long Blades
 + Level 5.6 Axes
 + Level 7.3 Maces & Flails
 + Level 5.6 Polearms
 + Level 5.6 Staves
 + Level 5.6 Slings
 + Level 5.6 Bows
 + Level 5.6 Crossbows
 + Level 5.6 Throwing
 + Level 8.7 Armour
 + Level 5.6 Dodging
 + Level 5.6 Stealth
 + Level 8.7 Shields
 + Level 5.6 Unarmed Combat
 + Level 5.6 Spellcasting
 + Level 4.6 Conjurations
 + Level 4.6 Hexes
 + Level 4.6 Summonings
 + Level 4.6 Necromancy
 + Level 4.6 Translocations
 + Level 4.6 Transmutations
 + Level 4.6 Fire Magic
 + Level 4.6 Ice Magic
 + Level 4.6 Air Magic
 + Level 4.6 Earth Magic
 + Level 4.6 Poison Magic
 + Level 6.1 Invocations
 + Level 5.6 Evocations


You had 20 spell levels left.
You didn't know any spells.
Your spell library contained the following spells:

 Spells                   Type           Power      Damage    Failure   Level
 Pain                     Necr           32%        1d5       38%         1
 Sandblast                Erth           16%        2d6       38%         1
 Sting                    Tmut/Pois      32%        1d4       38%         1
 Corpse Rot               Necr/Air       16%        N/A       52%         2
 Passwall                 Tmut/Erth      6%         N/A       52%         2
 Poisonous Vapours        Pois/Air       16%        N/A       52%         2
 Confusing Touch          Hex            8%         N/A       77%         3
 Portal Projectile        Hex/Tloc       16%        N/A       77%         3
 Stone Arrow              Conj/Erth      16%        3d8       77%         3
 Leda's Liquefaction      Hex/Erth       4%         N/A       99%         4
 Olgreb's Toxic Radiance  Pois           8%         N/A       99%         4
 Agony                    Necr           8%         N/A       100%        5
 Excruciating Wounds      Necr           4%         N/A       100%        5


Dungeon Overview and Level Annotations

Branches:
Dungeon (8/15)             Temple (1/1) D:4            Lair (0/6) D:8
 Bailey (visited)

Altars:
Ashenzari
Cheibriados
Elyvilon
Fedhas
Hepliaklqana
Kikubaaqudgha
Makhleb
Nemelex Xobeh
Okawaru
Qazlal
Ru
Sif Muna
Trog
Uskayaw
Vehumet
Wu Jian
Xom
Yredelemnul
Zin
The Shining One

Annotations:
D:7 3 runed translucent doors


Innate Abilities, Weirdness & Mutations

You have very sharp teeth.
Your uncanny sense of smell can sniff out nearby items.
Your experience applies equally to all skills.


Message History

The two-headed ogre misses you.
You hit the two-headed ogre but do no damage.
The two-headed ogre is severely wounded.
You completely miss the two-headed ogre.
The two-headed ogre is severely wounded.
The two-headed ogre closely misses you. You block the two-headed ogre's attack.
You hit the two-headed ogre.
The two-headed ogre is severely wounded.
The two-headed ogre hits you with a +0 giant spiked club!!
The two-headed ogre closely misses you.
You are too injured to fight recklessly!
You are too injured to fight recklessly!
You barely miss the two-headed ogre.
The two-headed ogre is severely wounded.
The two-headed ogre hits you with a +0 giant spiked club.
The two-headed ogre hits you with a +0 giant club!
* * * LOW HITPOINT WARNING * * *
You barely miss the two-headed ogre.
You bite the two-headed ogre, but do no damage.
The two-headed ogre is severely wounded.
You hear a distant slurping noise.
You hear a squelching noise.
You closely miss the two-headed ogre.
The two-headed ogre is severely wounded.
The two-headed ogre hits you but does no damage. x2
You puncture the two-headed ogre!
The two-headed ogre is almost dead.
The two-headed ogre hits you with a +0 giant spiked club.
* * * LOW HITPOINT WARNING * * *
The two-headed ogre hits you with a +0 giant club.
* * * LOW HITPOINT WARNING * * *
You closely miss the two-headed ogre.
The two-headed ogre is almost dead.
The two-headed ogre hits you with a +0 giant spiked club.
* * * LOW HITPOINT WARNING * * *
The two-headed ogre hits you but does no damage.
You puncture the two-headed ogre!
You bite the two-headed ogre, but do no damage.
The two-headed ogre is almost dead.
The two-headed ogre hits you with a +0 giant spiked club!!
You die...

..........##...#
#############.######
...................#
.................|.#
...................#
...................#
...................#
....##########.....#
....# #..@..# ....#
+...O.# .. #........
∆ #..........
######..... ∆ .....
∆ .... ....


You could see a two-headed ogre.

Vanquished Creatures
  An orc knight (Bailey)
  A manticore (D:8)
  An orc sorcerer (Bailey)
  A kobold demonologist (Bailey)
  2 wyverns
  Menkaure (D:4)
  8 orc warriors
  3 sky beasts (D:7)
  A black bear (D:7)
  3 ogres
  3 necrophages
  2 phantoms
  2 centaurs (D:6)
  A kobold brigand (D:7)
  A water moccasin zombie (D:6)
  2 bullfrogs (D:7)
  A gnoll sergeant (D:7)
  5 scorpions
  6 killer bees (D:8)
  A howler monkey (D:4)
  3 electric eels (Bailey)
  A centaur zombie (D:7)
  2 hounds
  7 jellies
  A bullfrog skeleton (D:5)
  A centaur skeleton (D:4)
  A gnoll shaman (D:6)
  4 iguanas
  Jessica (D:2)
  3 orc wizards
  2 killer bee zombies
  A hound skeleton (D:4)
  8 adders
  9 gnolls
  A worm (D:3)
  3 dart slugs
  15 orcs
  7 ball pythons
  19 endoplasms
  2 giant cockroaches
  11 goblins
  8 hobgoblins
  3 jackals (D:4)
  A bat (D:1)
  3 frilled lizards
  17 kobolds
180 creatures vanquished.

Vanquished Creatures (others)
  2 fungi (D:3)
  10 toadstools (D:3)
12 creatures vanquished.

Grand Total: 192 creatures vanquished

Notes
Turn   | Place    | Note
-------+----------+-------------------------------------------
     0 | D:1      | DocClef the Gnoll Fighter began the quest for the Orb.
     0 | D:1      | Reached XP level 1. HP: 23/23 MP: 1/1
   179 | D:1      | Reached XP level 2. HP: 29/29 MP: 2/2
   326 | D:1      | Found a faded altar of an unknown god.
   584 | D:2      | Noticed Jessica
   710 | D:2      | Killed Jessica
   711 | D:2      | Reached skill level 1 in Invocations
   711 | D:2      | Reached XP level 3. HP: 30/35 MP: 2/4
   966 | D:2      | Reached skill level 1 in Short Blades
   966 | D:2      | Reached skill level 1 in Long Blades
   966 | D:2      | Reached skill level 1 in Axes
   966 | D:2      | Reached skill level 1 in Polearms
   966 | D:2      | Reached skill level 1 in Staves
   966 | D:2      | Reached skill level 1 in Slings
   966 | D:2      | Reached skill level 1 in Bows
   966 | D:2      | Reached skill level 1 in Crossbows
   966 | D:2      | Reached skill level 1 in Throwing
   966 | D:2      | Reached skill level 1 in Dodging
   966 | D:2      | Reached skill level 1 in Stealth
   966 | D:2      | Reached skill level 1 in Unarmed Combat
   966 | D:2      | Reached skill level 1 in Spellcasting
   966 | D:2      | Reached skill level 1 in Evocations
  1459 | D:2      | Reached XP level 4. HP: 33/41 MP: 5/5
  1698 | D:3      | Found a glowing golden altar of the Shining One.
  2128 | D:3      | Reached skill level 1 in Conjurations
  2128 | D:3      | Reached skill level 1 in Hexes
  2128 | D:3      | Reached skill level 1 in Summonings
  2128 | D:3      | Reached skill level 1 in Necromancy
  2128 | D:3      | Reached skill level 1 in Translocations
  2128 | D:3      | Reached skill level 1 in Transmutations
  2128 | D:3      | Reached skill level 1 in Fire Magic
  2128 | D:3      | Reached skill level 1 in Ice Magic
  2128 | D:3      | Reached skill level 1 in Air Magic
  2128 | D:3      | Reached skill level 1 in Earth Magic
  2128 | D:3      | Reached skill level 1 in Poison Magic
  2334 | D:3      | Reached XP level 5. HP: 40/47 MP: 5/7
  2683 | D:3      | Found a bloodstained altar of Trog.
  2686 | D:3      | Found a blossoming altar of Fedhas.
  2712 | D:3      | Found an iron altar of Okawaru.
  2714 | D:3      | Found a hazy altar of Hepliaklqana.
  2767 | D:4      | Found a staircase to the Ecumenical Temple.
  2784 | D:4      | Reached XP level 6. HP: 49/53 MP: 8/8
  2821 | D:4      | Reached skill level 5 in Maces & Flails
  3069 | D:4      | Identified the +3 dagger "Juboa" {flame, rPois Int-5 Dex+4}
  3124 | Temple   | Entered the Ecumenical Temple
  3537 | D:4      | Reached XP level 7. HP: 51/59 MP: 10/10
  3866 | D:4      | Noticed Menkaure
  3879 | D:4      | Killed Menkaure
  4356 | D:3      | Became a worshipper of Warmaster Okawaru
  4389 | D:5      | Entered Level 5 of the Dungeon
  4545 | D:5      | Noticed a troll
  4821 | D:5      | Reached XP level 8. HP: 43/67 MP: 8/12
  5794 | D:6      | Got the Handbook of Bewitchment and Sinister Rituals
  6082 | D:6      | Reached * piety under Okawaru
  7010 | D:7      | Reached XP level 9. HP: 59/72 MP: 12/14
  7136 | D:7      | Reached ** piety under Okawaru
  7182 | D:7      | Found a flagged portal.
  7195 | Bailey   | Entered a bailey
  7682 | Bailey   | Noticed an orc sorcerer
  7689 | Bailey   | Killed an orc sorcerer
  7729 | Bailey   | Found an iron altar of Okawaru.
  7729 | Bailey   | Noticed a kobold demonologist
  7747 | Bailey   | Reached skill level 5 in Invocations
  7750 | Bailey   | Noticed an ice devil
  7752 | Bailey   | Killed a kobold demonologist
  7762 | Bailey   | Identified the +6 long sword of the Foot {venom, rElec}
  7927 | Bailey   | Reached *** piety under Okawaru
  8028 | Bailey   | Noticed an orc knight
  8042 | Bailey   | Killed an orc knight
  8043 | Bailey   | Reached skill level 5 in Short Blades
  8043 | Bailey   | Reached skill level 5 in Long Blades
  8043 | Bailey   | Reached skill level 5 in Axes
  8043 | Bailey   | Reached skill level 5 in Polearms
  8043 | Bailey   | Reached skill level 5 in Staves
  8043 | Bailey   | Reached skill level 5 in Slings
  8043 | Bailey   | Reached skill level 5 in Bows
  8043 | Bailey   | Reached skill level 5 in Crossbows
  8043 | Bailey   | Reached skill level 5 in Throwing
  8043 | Bailey   | Reached skill level 5 in Dodging
  8043 | Bailey   | Reached skill level 5 in Stealth
  8043 | Bailey   | Reached skill level 5 in Unarmed Combat
  8043 | Bailey   | Reached skill level 5 in Spellcasting
  8043 | Bailey   | Reached skill level 5 in Evocations
  8043 | Bailey   | Reached XP level 10. HP: 36/81 MP: 7/17
  9235 | D:7      | Reached **** piety under Okawaru
  9452 | D:7      | Found a runed translucent door.
  9454 | D:7      | Noticed a two-headed ogre
  9628 | D:7      | Noticed a kobold demonologist
  9629 | D:7      | Found a runed translucent door.
  9629 | D:7      | Found a runed translucent door.
 10363 | D:8      | Found a staircase to the Lair.
 10377 | D:8      | Noticed a manticore
 10385 | D:8      | Killed a manticore
 10590 | D:8      | Noticed a two-headed ogre
 10607 | D:8      | Slain by a two-headed ogre

Illustrated notes

Levels and vault maps discovered:
D:1:      denvon_arrival_planthouse, layout_basic,
          hellmonk_ecumenical_altar_inner_sanctum
D:2:      layout_basic, uniq_jessica
D:3:      cheibrodos_fertilizer, layout_basic, tso_metal_star,
          nicolae_overflow_hidden_temple
D:4:      layout_cave_pools, minmay_temple_entry_tees, roderic_serpentine_path,
          minmay_diced_spiral, uniq_menkaure
D:5:      layout_gridville, nrook_mini_vaults,
          hangedman_abyss_or_decor_lesser_grid
D:6:      layout_basic
D:7:      minmay_the_grid_triangle_9x9_rhombus_full
          [minmay_the_grid_triangle_9x9_sprig,
          minmay_the_grid_triangle_9x9_alien,
          minmay_the_grid_triangle_9x9_sparse_checkered,
          minmay_the_grid_triangle_9x9_limited_checkers,
          minmay_the_grid_triangle_9x9_impossible_snake,
          minmay_the_grid_triangle_9x9_stretched_checkered,
          minmay_the_grid_triangle_9x9_fully_insulated_deathbox,
          minmay_the_grid_triangle_9x9_prize_top_heavy], layout_basic,
          enter_bailey_6
D:8:      layout_gridville, dpeg_oklobed_lair, nrook_loot_triangle,
          uniq_maurice, uniq_pikel
Temple:   regret_index_temple_generic_petals

Skill      XL: |  1  2  3  4  5  6  7  8  9 10 |
---------------+-------------------------------+-----
Invocations    | 1 2 3 4 5 6 |  6.1
Short Blades   | 1 2 3 5 |  5.6
Long Blades    | 1 2 3 5 |  5.6
Axes           | 1 2 3 5 |  5.6
Polearms       | 1 2 3 5 |  5.6
Staves         | 1 2 3 5 |  5.6
Slings         | 1 2 3 5 |  5.6
Bows           | 1 2 3 5 |  5.6
Crossbows      | 1 2 3 5 |  5.6
Throwing       | 1 2 3 5 |  5.6
Dodging        | 1 2 3 5 |  5.6
Stealth        | 1 2 3 5 |  5.6
Unarmed Combat | 1 2 3 5 |  5.6
Spellcasting   | 1 2 3 5 |  5.6
Evocations     | 1 2 3 5 |  5.6
Conjurations   | 1 2 3 4 |  4.6
Hexes          | 1 2 3 4 |  4.6
Summonings     | 1 2 3 4 |  4.6
Necromancy     | 1 2 3 4 |  4.6
Translocations | 1 2 3 4 |  4.6
Transmutations | 1 2 3 4 |  4.6
Fire Magic     | 1 2 3 4 |  4.6
Ice Magic      | 1 2 3 4 |  4.6
Air Magic      | 1 2 3 4 |  4.6
Earth Magic    | 1 2 3 4 |  4.6
Poison Magic   | 1 2 3 4 |  4.6
Maces & Flails | 5 6 7 |  7.3
Fighting       | 7 8 |  8.7
Armour         | 7 8 |  8.7
Shields        | 7 8 |  8.7

Action                   |  1- 3 |  4- 6 |  7- 9 | 10-12 || total
-------------------------+-------+-------+-------+-------++-------
Melee: Flail             |    74 |   154 |   183 |       ||   411
       Bite              |     5 |    17 |    54 |    13 ||    89
       Trident           |       |       |   187 |    56 ||   243
       Long sword        |       |       |    34 |    88 ||   122
Throw: Dart              |       |       |     3 |       ||     3
Invok: Heroism           |       |       |     1 |       ||     1
  Use: Potion            |     1 |       |     1 |     1 ||     3
       Scroll            |       |       |    16 |       ||    16
 Stab: Sleeping          |       |       |     1 |       ||     1
Armor: Scale mail        |    32 |    54 |   140 |       ||   226
       Robe              |       |       |     3 |       ||     3
       Storm dragon scal |       |       |    16 |   124 ||   140
       Plate armour      |       |       |     9 |       ||     9
Dodge: Dodged            |    34 |    62 |   190 |    86 ||   372
Block: Buckler           |    20 |    47 |   117 |    74 ||   258
